[ PARTIDA AOE2 · #506207410 ]
UnrankedCumanos vs Lithuanians
Equipo del jugador · VICT
Equipo rival · DERR
[ ANÁLISIS DE REPETICIÓN · EXTRAÍDO DE LA PARTIDA GRABADA ]
Feudal
9:01
Castillos
29:29
Imperial
—
| APM promedio | 69.2 |
| APM pico | 103 |
| eAPM promedio | 35.6 |
| Aldeanos / militares | 184 / 248 |
Foco
⚔️ 49.8% · 🌾 50.2%
Kipchak ×106 · Spearman ×106 · Scout Cavalry ×18 · Battering Ram ×16 · Fishing Ship ×10 · Unknown (2626) ×3
Feudal
11:01
Castillos
15:03
Imperial
43:21
| APM promedio | 57.2 |
| APM pico | 88 |
| eAPM promedio | 32.6 |
| Aldeanos / militares | 133 / 101 |
Foco
⚔️ 40.9% · 🌾 59.1%
Leitis ×79 · Fishing Ship ×13 · Unknown (2626) ×10 · Trebuchet (Packed) ×10 · Spearman ×6 · Monk ×5
Mapa de la partida
Recursos iniciales + cada clic de construcción. Líneas = muros · curvas = relieve. ◆ oro · ⬟ piedra · ● bayas · ✦ reliquia · ◌ hueco del cierre
Tu base· Abierta — flanco sin cerrar
Base de Pirate· Abierta — flanco sin cerrar
Terreno inicial suavizado · ◌ = hueco del cierre detectado · pasá el cursor para detalles
Inputs por minuto
— Envetel - - Pirate
Build order — Envetel
Primeras 150 de 606 acciones detectadas
| 0:01 | Investigar | Loom |
| 0:02 | Construir | House |
| 0:04 | Construir | House |
| 0:08 | Crear | Villager (Male) |
| 0:14 | Crear | Villager (Male) |
| 0:16 | Crear | Villager (Male) |
| 0:18 | Crear | Villager (Male) |
| 1:28 | Crear | Villager (Male) |
| 1:33 | Construir | Lumber Camp |
| 1:38 | Crear | Villager (Male) |
| 2:02 | Crear | Villager (Male) |
| 2:03 | Crear | Villager (Male) |
| 2:49 | Crear | Villager (Male) |
| 2:52 | Crear | Villager (Male) |
| 3:08 | Construir | House |
| 3:41 | Crear | Villager (Male) |
| 4:18 | Construir | Dock |
| 4:21 | Crear | Villager (Male) |
| 4:21 | Crear | Villager (Male) |
| 4:21 | Crear | Villager (Male) |
| 4:55 | Construir | House |
| 5:08 | Crear | Villager (Male) |
| 5:13 | Crear | Fishing Ship |
| 5:13 | Crear | Fishing Ship |
| 5:13 | Crear | Fishing Ship |
| 5:23 | Crear | Villager (Male) |
| 5:45 | Crear | Fishing Ship |
| 5:58 | Construir | House |
| 5:58 | Construir | House |
| 6:03 | Crear | Villager (Male) |
| 6:38 | Investigar | Feudal Age |
| 6:39 | Investigar | Feudal Age |
| 6:42 | Crear | Fishing Ship |
| 7:25 | Crear | Fishing Ship |
| 8:18 | Construir | Lumber Camp |
| 8:47 | Crear | Villager (Male) |
| 8:56 | Construir | Barracks |
| 9:01 | Edad | Edad Feudal |
| 9:13 | Investigar | Double-Bit Axe |
| 9:31 | Crear | Villager (Male) |
| 9:35 | Construir | Stable |
| 9:53 | Investigar | Tech 906 |
| 9:53 | Investigar | Tech 906 |
| 10:01 | Crear | Villager (Male) |
| 10:11 | Construir | House |
| 10:13 | Construir | House |
| 10:17 | Crear | Fishing Ship |
| 10:24 | Construir | House |
| 10:24 | Crear | Scout Cavalry |
| 10:25 | Crear | Scout Cavalry |
| 10:29 | Crear | Villager (Male) |
| 10:55 | Crear | Villager (Male) |
| 11:02 | Crear | Scout Cavalry |
| 11:07 | Crear | Spearman |
| 11:20 | Construir | Watch Tower |
| 11:23 | Crear | Villager (Male) |
| 11:26 | Construir | House |
| 11:31 | Crear | Spearman |
| 11:36 | Construir | Mill |
| 11:38 | Construir | Blacksmith |
| 11:40 | Crear | Villager (Male) |
| 11:42 | Crear | Fishing Ship |
| 11:50 | Construir | Watch Tower |
| 12:01 | Investigar | Scale Barding Armor |
| 12:15 | Crear | Villager (Male) |
| 12:34 | Crear | Villager (Male) |
| 12:48 | Crear | Villager (Male) |
| 13:02 | Construir | Mining Camp |
| 13:05 | Crear | Fishing Ship |
| 13:14 | Investigar | Fletching |
| 13:14 | Investigar | Fletching |
| 13:14 | Investigar | Fletching |
| 13:16 | Crear | Fishing Ship |
| 13:34 | Construir | House |
| 13:49 | Crear | Villager (Male) |
| 13:57 | Crear | Scout Cavalry |
| 14:01 | Crear | Fire Galley |
| 14:04 | Construir | House |
| 14:09 | Construir | Mill |
| 14:16 | Crear | Villager (Male) |
| 14:20 | Crear | Spearman |
| 14:34 | Construir | House |
| 14:41 | Construir | Town Center |
| 15:22 | Crear | Villager (Male) |
| 15:26 | Crear | Villager (Male) |
| 15:26 | Crear | Villager (Male) |
| 15:46 | Crear | Villager (Male) |
| 15:48 | Construir | Mill |
| 15:50 | Crear | Villager (Male) |
| 15:51 | Crear | Spearman |
| 15:51 | Crear | Spearman |
| 16:10 | Crear | Scout Cavalry |
| 16:10 | Crear | Scout Cavalry |
| 16:19 | Crear | Villager (Male) |
| 16:21 | Crear | Spearman |
| 16:27 | Construir | Barracks |
| 16:28 | Crear | Villager (Male) |
| 16:39 | Crear | Spearman |
| 16:49 | Crear | Spearman |
| 17:06 | Construir | Farm |
| 17:07 | Construir | Farm |
| 17:07 | Construir | Farm |
| 17:07 | Construir | Farm |
| 17:08 | Crear | Villager (Male) |
| 17:09 | Crear | Spearman |
| 17:25 | Crear | Spearman |
| 17:30 | Construir | Farm |
| 17:31 | Crear | Villager (Male) |
| 17:43 | Crear | Villager (Male) |
| 17:43 | Crear | Villager (Male) |
| 17:55 | Construir | Palisade Gate |
| 17:56 | Crear | Villager (Male) |
| 18:01 | Crear | Spearman |
| 18:01 | Crear | Spearman |
| 18:11 | Crear | Villager (Male) |
| 18:16 | Construir | Siege Workshop |
| 18:18 | Construir | Stable |
| 18:19 | Crear | Villager (Male) |
| 18:23 | Crear | Spearman |
| 18:27 | Crear | Unit 2626 |
| 18:35 | Crear | Scout Cavalry |
| 18:39 | Crear | Villager (Male) |
| 18:40 | Crear | Spearman |
| 18:56 | Crear | Scout Cavalry |
| 18:59 | Construir | Farm |
| 19:05 | Investigar | Scale Mail Armor |
| 19:10 | Crear | Spearman |
| 19:16 | Crear | Villager (Male) |
| 19:17 | Crear | Villager (Male) |
| 19:20 | Crear | Villager (Male) |
| 19:33 | Crear | Villager (Male) |
| 19:38 | Investigar | Forging |
| 19:38 | Investigar | Forging |
| 19:42 | Construir | Farm |
| 19:49 | Crear | Villager (Male) |
| 19:53 | Crear | Villager (Male) |
| 19:55 | Crear | Unit 2626 |
| 20:04 | Crear | Villager (Male) |
| 20:07 | Construir | Watch Tower |
| 20:09 | Crear | Spearman |
| 20:13 | Investigar | Bloodlines |
| 20:13 | Investigar | Bloodlines |
| 20:14 | Crear | Villager (Male) |
| 20:24 | Crear | Spearman |
| 20:30 | Construir | Palisade Wall |
| 20:31 | Construir | Palisade Wall |
| 20:33 | Construir | Palisade Wall |
| 20:33 | Construir | Palisade Wall |
| 20:37 | Crear | Spearman |
| 20:37 | Crear | Spearman |
Build order — Pirate
Primeras 150 de 405 acciones detectadas
| 0:00 | Crear | Villager (Male) |
| 0:01 | Construir | House |
| 0:02 | Construir | House |
| 0:04 | Construir | House |
| 0:06 | Investigar | Loom |
| 0:06 | Investigar | Loom |
| 0:14 | Crear | Villager (Male) |
| 0:14 | Crear | Villager (Male) |
| 0:16 | Crear | Villager (Male) ×4 |
| 1:02 | Construir | Lumber Camp |
| 1:10 | Crear | Villager (Male) |
| 1:10 | Crear | Villager (Male) |
| 1:39 | Crear | Villager (Male) |
| 3:06 | Crear | Villager (Male) |
| 3:06 | Crear | Villager (Male) |
| 3:07 | Crear | Villager (Male) |
| 3:09 | Crear | Villager (Male) |
| 3:53 | Construir | Dock |
| 4:35 | Crear | Fishing Ship |
| 4:40 | Crear | Villager (Male) |
| 4:40 | Crear | Villager (Male) |
| 4:53 | Construir | House |
| 5:00 | Construir | House |
| 5:12 | Crear | Villager (Male) |
| 5:36 | Crear | Fishing Ship |
| 6:01 | Construir | House |
| 6:14 | Crear | Fishing Ship |
| 6:16 | Crear | Villager (Male) |
| 6:16 | Crear | Villager (Male) |
| 6:47 | Construir | House |
| 7:05 | Crear | Fishing Ship |
| 7:06 | Crear | Villager (Male) |
| 7:33 | Crear | Villager (Male) |
| 7:33 | Crear | Villager (Male) |
| 8:02 | Construir | Mill |
| 8:03 | Crear | Villager (Male) |
| 8:37 | Investigar | Feudal Age |
| 8:43 | Construir | Mining Camp |
| 8:54 | Construir | Mining Camp |
| 9:18 | Construir | House |
| 9:19 | Construir | Palisade Wall |
| 9:20 | Construir | Palisade Wall |
| 9:20 | Construir | Palisade Wall |
| 9:23 | Construir | House |
| 9:25 | Construir | Palisade Wall |
| 9:27 | Construir | Palisade Wall |
| 9:28 | Construir | Palisade Wall |
| 9:29 | Construir | Palisade Wall |
| 9:31 | Construir | Palisade Wall |
| 10:06 | Crear | Villager (Male) |
| 10:06 | Crear | Villager (Male) |
| 11:01 | Edad | Edad Feudal |
| 11:04 | Construir | Blacksmith |
| 11:16 | Construir | Market |
| 11:34 | Construir | Watch Tower |
| 11:40 | Crear | Villager (Male) |
| 11:44 | Construir | Palisade Wall |
| 12:23 | Investigar | Castle Age |
| 12:35 | Construir | House |
| 12:42 | Construir | House |
| 12:46 | Construir | Palisade Wall |
| 13:26 | Construir | Barracks |
| 13:28 | Investigar | Scale Barding Armor |
| 13:34 | Construir | Palisade Wall |
| 13:37 | Construir | Palisade Wall |
| 14:01 | Construir | Lumber Camp |
| 14:07 | Crear | Spearman |
| 14:26 | Construir | Palisade Wall |
| 14:26 | Construir | Palisade Wall |
| 14:27 | Construir | Palisade Wall |
| 14:29 | Construir | Palisade Wall |
| 14:30 | Construir | Palisade Wall |
| 14:30 | Construir | Palisade Wall |
| 14:34 | Construir | Palisade Wall |
| 14:38 | Crear | Spearman |
| 14:46 | Construir | Palisade Wall |
| 14:54 | Crear | Spearman |
| 15:03 | Edad | Edad de los Castillos |
| 15:16 | Crear | Spearman |
| 15:22 | Construir | Castle |
| 15:26 | Crear | Fishing Ship |
| 15:27 | Crear | Spearman |
| 15:34 | Crear | Villager (Male) |
| 15:34 | Crear | Villager (Male) |
| 15:34 | Crear | Villager (Male) |
| 16:04 | Crear | Spearman |
| 16:14 | Crear | Leitis |
| 16:34 | Crear | Unit 2626 |
| 16:42 | Crear | Leitis |
| 16:43 | Crear | Leitis |
| 17:16 | Crear | Leitis |
| 17:27 | Construir | Monastery |
| 17:41 | Crear | Villager (Male) |
| 17:49 | Crear | Unit 2626 |
| 17:58 | Crear | Leitis |
| 18:13 | Crear | Monk |
| 18:17 | Crear | Fishing Ship |
| 18:22 | Crear | Unit 2626 |
| 18:27 | Crear | Villager (Male) |
| 18:49 | Crear | Leitis |
| 18:57 | Crear | Villager (Male) |
| 19:08 | Crear | Monk |
| 19:24 | Crear | Fishing Ship |
| 19:26 | Investigar | Tech 906 |
| 19:36 | Crear | Unit 2626 |
| 19:38 | Crear | Leitis |
| 19:57 | Crear | Leitis |
| 20:22 | Crear | Villager (Male) |
| 20:22 | Crear | Monk |
| 20:55 | Crear | Leitis |
| 20:56 | Crear | Villager (Male) |
| 20:56 | Crear | Villager (Male) |
| 21:19 | Crear | Unit 2626 |
| 21:29 | Construir | Town Center |
| 21:44 | Crear | Leitis |
| 21:44 | Crear | Leitis |
| 22:03 | Crear | Villager (Male) |
| 22:08 | Crear | Leitis |
| 22:15 | Crear | Unit 2626 |
| 22:15 | Crear | Unit 2626 |
| 22:20 | Crear | Villager (Male) |
| 22:20 | Crear | Villager (Male) |
| 22:29 | Construir | Lumber Camp |
| 22:35 | Crear | Villager (Male) |
| 22:35 | Crear | Villager (Male) |
| 22:47 | Crear | Leitis |
| 22:55 | Crear | Unit 2626 |
| 22:56 | Crear | Villager (Male) |
| 22:58 | Crear | Leitis |
| 23:09 | Crear | Villager (Male) |
| 23:09 | Crear | Villager (Male) |
| 23:11 | Crear | Leitis |
| 23:25 | Crear | Unit 2626 |
| 23:27 | Crear | Leitis |
| 23:39 | Investigar | Double-Bit Axe |
| 23:52 | Crear | Leitis |
| 24:15 | Crear | Villager (Male) |
| 24:16 | Crear | Villager (Male) |
| 24:23 | Crear | Leitis |
| 24:32 | Crear | Villager (Male) |
| 24:32 | Crear | Villager (Male) |
| 24:39 | Construir | Town Center |
| 24:57 | Crear | Unit 2626 |
| 24:59 | Crear | Villager (Male) |
| 25:10 | Construir | Siege Workshop |
| 25:23 | Crear | Leitis |
| 25:39 | Crear | Leitis |
| 25:43 | Construir | Stable |
| 25:49 | Crear | Monk |
| 26:02 | Crear | Villager (Male) |
Cronología de la partida
| 3:53 | Pirate · first_building Dock |
| 4:18 | Envetel · first_building Dock |
| 8:56 | Envetel · first_building Barracks |
| 9:01 | Envetel · age_up feudal |
| 9:19 | Pirate · wall_segment Palisade Wall x2 |
| 9:20 | Pirate · wall_segment Palisade Wall x1 |
| 9:20 | Pirate · wall_segment Palisade Wall x1 |
| 9:25 | Pirate · wall_segment Palisade Wall x1 |
| 9:27 | Pirate · wall_segment Palisade Wall x1 |
| 9:28 | Pirate · wall_segment Palisade Wall x1 |
| 9:29 | Pirate · wall_segment Palisade Wall x1 |
| 9:31 | Pirate · wall_segment Palisade Wall x1 |
| 9:35 | Envetel · first_building Stable |
| 11:01 | Pirate · age_up feudal |
| 11:44 | Pirate · wall_segment Palisade Wall x1 |
| 12:46 | Pirate · wall_segment Palisade Wall x1 |
| 13:26 | Pirate · first_building Barracks |
| 13:34 | Pirate · wall_segment Palisade Wall x1 |
| 13:37 | Pirate · wall_segment Palisade Wall x1 |
| 14:26 | Pirate · wall_segment Palisade Wall x1 |
| 14:26 | Pirate · wall_segment Palisade Wall x1 |
| 14:27 | Pirate · wall_segment Palisade Wall x1 |
| 14:29 | Pirate · wall_segment Palisade Wall x1 |
| 14:30 | Pirate · wall_segment Palisade Wall x1 |
| 14:30 | Pirate · wall_segment Palisade Wall x1 |
| 14:34 | Pirate · wall_segment Palisade Wall x4 |
| 14:46 | Pirate · wall_segment Palisade Wall x1 |
| 15:03 | Pirate · age_up castle |
| 15:22 | Pirate · first_building Castle |
| 16:46 | Pirate · first_market_buy 100 wood |
| 17:27 | Pirate · first_building Monastery |
| 18:16 | Envetel · first_building Siege Workshop |
| 19:06 | Pirate · first_market_sell 100 wood |
| 20:30 | Envetel · wall_segment Palisade Wall x1 |
| 20:31 | Envetel · wall_segment Palisade Wall x1 |
| 20:33 | Envetel · wall_segment Palisade Wall x1 |
| 20:33 | Envetel · wall_segment Palisade Wall x1 |
| 20:40 | Envetel · wall_segment Palisade Wall x1 |
| 20:45 | Envetel · wall_segment Palisade Wall x1 |
| 24:38 | Envetel · wall_segment Palisade Wall x2 |
| 25:10 | Pirate · first_building Siege Workshop |
| 25:43 | Pirate · first_building Stable |
| 26:31 | Envetel · first_market_buy 100 food |
| 26:38 | Envetel · first_market_sell 100 stone |
| 28:31 | Envetel · wall_segment Palisade Wall x1 |
| 29:29 | Envetel · age_up castle |
| 29:35 | Envetel · wall_segment Palisade Wall x3 |
| 29:38 | Envetel · first_building Castle |
| 29:59 | Envetel · wall_segment Palisade Wall x1 |
| 37:16 | Envetel · first_building Archery Range |
| 42:39 | Pirate · wall_segment Stone Wall x1 |
| 43:13 | Envetel · first_building Monastery |
| 43:21 | Pirate · age_up imperial |
| 47:03 | Pirate · first_building Archery Range |
| 47:21 | Pirate · wall_segment Stone Wall x1 |
| 49:31 | Pirate · resign |
[ ANÁLISIS IA · 1 CRÉDITO ]
¿Qué pasó realmente en esta partida?
Wolo.gg analiza cada decisión: build order, eco, micro, errores típicos por bracket. Análisis personalizado por WhatsApp o Discord en 30 segundos.
Guía civ
Cumanos
Perfil
Envetel